 Dungeon Crawl Stone Soup version 0.26-a0-800-g517d6fe721 (webtiles) character file.

Game seed: 9104659400152262909

21 reriks the Skirmisher (level 2, -2/32 HPs)
             Began as an Ogre Monk on Nov 11, 2020.
             Slain by an adder (3 damage)
             ... on level 1 of the Dungeon.
             The game lasted 00:01:23 (1210 turns).

reriks the Skirmisher (Ogre Monk)                   Turns: 1210, Time: 00:01:24

Health: -2/32      AC:  3    Str: 11 (14) XL:     2   Next: 87%
Magic:  2/2        EV: 10    Int:  9 (11) God:
Gold:   41         SH:  0    Dex:  8 (11) Spells: 1/1 levels left

rFire    . . .     SeeInvis .   a - +0 mace
rCold    . . .     Faith    .   (no shield)
rNeg     . . .     Spirit   .   b - +0 robe
rPois    .         Reflect  .   (helmet restricted)
rElec    .         Harm     .   (no cloak)
rCorr    .         Rampage  .   (gloves unavailable)
MR       .....                  (boots unavailable)
Stlth    +.........             (no amulet)
HPRegen  0.10/turn              (no ring)
MPRegen  0.08/turn              (no ring)

@: lethally poisoned (-2 -> -4), flying
A: large, unfitting armour, tough skin 1
a: no special abilities


You were on level 1 of the Dungeon.
You visited 1 branch of the dungeon, and saw 2 of its levels.

You collected 41 gold pieces.

Inventory:

Hand Weapons
 a - a +0 mace (weapon)
Missiles
 j - 8 boomerangs (quivered)
Armour
 b - a +0 robe (worn)
Scrolls
 c - a scroll of amnesia {unknown}
 e - 2 scrolls of identify {unknown}
 h - a scroll of teleportation {unknown}
 i - a scroll of blinking {unknown}
Potions
 k - a potion of curing {unknown}


   Skills:
 + Level 4.2 Fighting
 * Level 3.0 Maces & Flails
 * Level 1.0 Armour
 + Level 2.8 Dodging
 - Level 1.4 Stealth


You had one spell level left.
You didn't know any spells.
Your spell library was empty.

Dungeon Overview and Level Annotations

Branches:
Dungeon (2/15)

Altars:

Annotations:
D:2 Robin


Innate Abilities, Weirdness & Mutations

You are too large for most types of armour.
You have tough skin. (AC +1)


Message History

* * * LOW HITPOINT WARNING * * *
You are poisoned.
The adder poisons you!
You feel sick.
There is a stone staircase leading up here.
The adder bites you but does no damage.
You climb upwards.
There is a stone staircase leading down here.
It was a potion of degeneration.
There was something very wrong with that liquid.
You feel weakened.
You feel dopey.
You feel clumsy.
You feel sick. The adder bites you.
* * * LOW HITPOINT WARNING * * *
The adder closely misses you.
It was a potion of cancellation.
You feel magically purged. The adder closely misses you.
It was a potion of flight.
You feel very buoyant.
You fly up into the air.
The adder bites you.
You die...

.#.#.#.....##.##.#
........#......#.###
.#.#.#..#..#+#.#...#
...............#...#
.#.#.#.......))#...#
...................#
#######.......#....#
..............#..S.#
###..(..........@###
#.............##
#.(.....#####..#
#.......# ##.#
#.......# #.#
########## #.# ##.##
#.# ##...## #.##
###.....###..#


You could see an adder.

Vanquished Creatures
  A giant cockroach (D:1)
  4 hobgoblins (D:1)
  2 jackals (D:1)
  3 bats (D:1)
  3 frilled lizards (D:1)
  4 goblins
  2 kobolds (D:1)
  3 rats (D:1)
22 creatures vanquished.

Notes
Turn   | Place    | Note
-------+----------+-------------------------------------------
     0 | D:1      | reriks the Ogre Monk began the quest for the Orb.
     0 | D:1      | Reached XP level 1. HP: 24/24 MP: 1/1
   178 | D:1      | Reached XP level 2. HP: 8/32 MP: 2/2
  1197 | D:2      | Reached skill level 1 in Armour
  1201 | D:2      | Noticed Robin
  1208 | D:1      | HP: 1/32 [adder (4)]
  1210 | D:1      | Slain by an adder

Illustrated notes

Levels and vault maps discovered:
D:1:      dpeg_arrival_rhombi, layout_basic, serial_glass, glass_columns_c,
          glass_columns_b
D:2:      layout_rooms, chequers_serial_rivers_large_a, minivault_14,
          grunt_qazlal_sundering, uniq_sigmund, uniq_robin, uniq_terence

Skill      XL: |  1  2 |
---------------+-------+-----
Maces & Flails | 3 |  3.0
Armour         | 1 |  1.0
Fighting       | |  4.2
Dodging        | |  2.8
Stealth        | |  1.4

Action                   || total
-------------------------++-------
Melee: Mace              ||    70
Throw: Boomerang         ||     1
  Use: Potion            ||     3
 Stab: Sleeping          ||     2
Armor: Robe              ||    42
Dodge: Dodged            ||    85

Table legend: (Time is in decaauts)
 A = Elapsed time spent in this place.
 B = Non-inter-level travel time spent in this place.
 C = Inter-level travel time spent in this place.
 D = Time resting spent in this place.
 E = Time spent auto-exploring this place.
 F = Levels seen in this place.
 G = Mean time per level.
                   A        B        C        D        E       F      G
               +--------+--------+--------+--------+--------+-----+--------+
         Total |   1228 |   1203 |     25 |    635 |    378 |   2 |  614.0 |
       Dungeon |   1228 |   1203 |     25 |    635 |    378 |   2 |  614.0 |
               +--------+--------+--------+--------+--------+-----+--------+

Top non-repeatable levels by time:
     D:1: 1198 daAuts
     D:2: 30 daAuts
